 Dungeon Crawl Stone Soup version 0.18-a0-1670-gb40d73e (webtiles) character file.

68 HeWhoDoesNotSavescum the Insei (level 4, 0/35 HPs)
             Began as a Mummy Monk on Apr 1, 2016.
             Slain by an adder (3 damage)
             ... on level 2 of the Dungeon.
             The game lasted 00:01:51 (2132 turns).

HeWhoDoesNotSavescum the Insei (Mummy Monk)         Turns: 2132, Time: 00:01:52

Health: 0/35       AC:  0    Str: 14    XL:     4   Next: 1%
Magic:  4/4        EV: 13    Int:  9    God:
Gold:   67         SH:  0    Dex: 15    Spells: 0 memorised, 3 levels left

rFire  x . .     SeeInvis .       - Unarmed
rCold  + . .     Gourm    .     (no armour)
rNeg   + + +     Faith    .     (no shield)
rPois  ∞         Spirit   .     (no helmet)
rElec  .         Dismiss  .     (no cloak)
rCorr  .         Reflect  .     (no gloves)
SustAt .         Harm     .     (no boots)
MR     .....                    (no amulet)
Stlth  ++........               (no ring)
                                (no ring)

@: not resistant to hostile enchantments, unstealthy
A: no food or potions, fire vulnerability, cold resistance 1, negative energy
resistance 3, torment resistance, unbreathing
a: no special abilities


You were on level 2 of the Dungeon.
You were not hungry.

You visited 1 branch of the dungeon, and saw 2 of its levels.

You collected 67 gold pieces.


Innate Abilities, Weirdness & Mutations

You do not eat or drink.
Your flesh is vulnerable to fire.
You are immune to poison.
Your flesh is cold resistant.
You are immune to negative energy.
You are immune to unholy pain and torment.
You can survive without breathing.


   Skills:
 - Level 3.0 Fighting
 - Level 2.4 Dodging
 - Level 1.5 Stealth
 + Level 4.6 Unarmed Combat


You had 3 spell levels left.
You didn't know any spells.

Inventory:

Scrolls
 a - 2 scrolls of magic mapping {unknown}
 b - 4 scrolls of identify {unknown}
 c - a scroll of noise {unknown}
 d - a scroll of fear {unknown}
 e - a scroll of recharging {unknown}
 f - a scroll of amnesia {unknown}
 g - a scroll of remove curse {unknown}

Dungeon Overview and Level Annotations

Branches:
Dungeon (2/15)

Altars:
The Shining One

▒.▒ ▒▒.▒▒▒▒▒▒▒...
▒▒▒▒▒.▒ ▒.▒ ▒▒▒▒
▒.....▒ ▒.▒ ▒.▒▒▒▒▒
▒+▒ ▒▒▒ ▒.▒ ... ▒..
▒.▒▒▒▒ .... ▒.▒
▒.▒▒.▒▒ ..... ▒..
▒.▒▒.▒...▒▒▒▒......
▒▒▒▒..
▒..........MSS.....
+.....
▒.▒▒.▒...▒▒▒▒......
▒!. ▒ ▒.▒▒.▒▒ .....
▒.. ▒.▒▒▒▒ .... ▒▒.
).. ... ▒. ▒.. +▒
▒. ▒▒▒ ▒. ▒. ▒.


You could see 2 adders.


Message History

You are too injured to fight recklessly!!!
You are too injured to fight recklessly!!!
You are too injured to fight recklessly!!!
You are too injured to fight recklessly!!!
You are too injured to fight recklessly!!!
You are too injured to fight recklessly!!!
You are too injured to fight recklessly!!!
You are too injured to fight recklessly!!!
You pulverise the adder!
Your punch misses the adder!
The adder is severely wounded!
The adder bites you! * * * don't die
* * * You miss the adder!
The adder is severely wounded!
The adder bites you! * * * don't die
* * * You barely miss the adder!
The adder is severely wounded!
The adder bites you! * * * don't die
* * * You closely miss the adder!
The adder is severely wounded!
The adder misses you! The adder barely misses you!
You miss the adder!
The adder is severely wounded!
The adder closely misses you!
You barely miss the adder!
The adder is severely wounded!
The adder bites you! rip

Action                   |  1- 3 |  4- 6 || total
-------------------------+-------+-------++-------
Melee: Unarmed           |   133 |    14 ||   147
 Stab: Sleeping          |     5 |       ||     5

Vault maps used:
D:1:      co_arrival_random_square_maze
D:2:      old_standard_altar, serial_undead, serial_undead_c, serial_undead_d,
          serial_undead_b, serial_undead_b, uniq_robin, uniq_terence

Notes
Turn   | Place    | Note
--------------------------------------------------------------
     0 | D:1      | HeWhoDoesNotSavescum the Mummy Monk began the quest for the Orb.
     0 | D:1      | Reached XP level 1. HP: 18/18 MP: 1/1
   443 | D:1      | Reached XP level 2. HP: 23/24 MP: 2/2
   787 | D:1      | Reached skill level 4 in Unarmed Combat
  1153 | D:1      | Reached XP level 3. HP: 14/29 MP: 3/3
  1964 | D:2      | Found a glowing golden altar of the Shining One.
  2058 | D:2      | Reached XP level 4. HP: 35/35 MP: 4/4
  2129 | D:2      | HP: 3/35 [adder (2)]
  2132 | D:2      | Slain by an adder

Vanquished Creatures
  2 adders (D:2)
  2 oozes
  An adder zombie (D:2)
  2 giant geckos (D:1)
  2 giant cockroaches (D:1)
  4 goblins
  4 hobgoblins
  4 jackals (D:1)
  3 kobolds
  A quokka (D:1)
  A ball python (D:1)
  4 bats (D:1)
  2 giant newts
  A jackal zombie (D:2)
  3 rats (D:1)
36 creatures vanquished.
